 Dungeon Crawl Stone Soup version 0.31-a0-1570-g93c622d222 (webtiles) character file.

Game seed: 10426212169089562284

11795 TheScarfBastard the Cleaver (level 11, -5/104 HPs)
             Began as a Minotaur Berserker on Jan 3, 2024.
             Was a High Priest of Trog.
             Killed from afar by a kobold blastminer (34 damage)
             ... with an iron shot
             ... on level 1 of the Orcish Mines.
             The game lasted 00:23:58 (8769 turns).

TheScarfBastard the Cleaver (Minotaur Berserker)    Turns: 8769, Time: 00:23:59

Health: -5/104     AC: 21    Str: 26    XL:     11   Next: 54%
Magic:  10/10      EV:  9    Int: 10    God:    Trog [*****.]
Gold:   1357       SH:  0    Dex: 10    Spells: 10/10 levels left

rFire   + + .        a - +0 hand axe (freeze)
rCold   . . .        w - orb {light}
rNeg    . . .        o - +0 plate armour
rPois   .            (helmet restricted)
rElec   +            j - +0 cloak
rCorr   .            t - +1 pair of gloves
SInv    .            e - +0 pair of boots
Will    +++..        B - amulet of regeneration Stlth
                     f - ring "Nodd" {rElec rF+ Will+ Int+6}
HPRegen 2.17/turn    F - ring of protection from fire
MPRegen 0.12/turn

%: no passive effects
@: strong-willed, regenerating, glowing
A: horns 2, retaliatory headbutt
a: Renounce Religion, Berserk, Trog's Hand, Brothers in Arms


You were on level 1 of the Orcish Mines.
You worshipped Trog.
Trog was extremely pleased with you.
You visited 2 branches of the dungeon, and saw 12 of its levels.

You collected 1357 gold pieces.

Inventory:

Hand Weapons
 a - a +0 hand axe of freezing (weapon)
 y - a +1 lajatang of flaming
 D - a +5 mace
 G - a +2 battleaxe
Missiles
 h - 4 throwing nets
Armour
 b - a +0 animal skin
 c - a +0 leather armour
 e - a +0 pair of boots (worn)
 g - a +1 robe of cold resistance
 j - a +0 cloak (worn)
 l - a +0 chain mail
 o - a +0 plate armour (worn)
 t - a +1 pair of gloves (worn)
 w - an orb of light (worn)
 I - the +3 leather armour "Yfoola" {^Drain rN+ Regen+}
   (You found it on level 10 of the Dungeon)

   rN+:       It protects you from negative energy.
   Regen+:    It increases your rate of health regeneration.
   ^Drain:    It drains your maximum health when unequipped.
 J - a +2 tower shield
 L - a +0 troll leather armour
Jewellery
 f - the ring "Nodd" (left hand) {rElec rF+ Will+ Int+6}
   (You found it on level 7 of the Dungeon)

   [ring of intelligence]

   Int+6:     It affects your intelligence (+6).
   rF+:       It protects you from fire.
   rElec:     It insulates you from electricity.
   Will+:     It increases your willpower.
 B - an amulet of regeneration (around neck)
 F - a ring of protection from fire (right hand)
Wands
 n - a wand of flame (16)
 E - a wand of roots (17)
Scrolls
 i - 2 scrolls of amnesia
 q - 2 scrolls of fear
 r - 3 scrolls of noise
 x - 3 scrolls of revelation
 A - a scroll of vulnerability
 H - a scroll of butterflies
Potions
 d - 2 potions of attraction
 k - 2 potions of degeneration
 m - 3 potions of brilliance
 p - a potion of curing
 s - 3 potions of enlightenment
 u - 2 potions of lignification {unknown}
 v - 2 potions of invisibility
 z - a potion of magic {unknown}
 C - 3 potions of mutation


   Skills:
 + Level 11.9 Fighting
 + Level 14.3 Axes
 + Level 12.1 Armour
 + Level 4.1 Dodging
 + Level 1.6 Stealth


You had 10 spell levels left.
You didn't know any spells.
Your spell library was empty.

Dungeon Overview and Level Annotations

Branches:
Dungeon (11/15)            Temple (0/1) D:5            Lair (0/5) D:10
    Orc (1/2) D:11

Altars:
Ashenzari
Cheibriados
Qazlal
Ru
Uskayaw
Vehumet
Zin

Shops:
D:11 ([


Innate Abilities, Weirdness & Mutations

You have a pair of horns on your head.
You reflexively headbutt those who attack you in melee.


Message History

The kobold blastminer shoots a bolt.
The bolt hits you.
Items here: ) [ ††.
The kobold blastminer shoots a bolt.
The bolt hits you.
The kobold blastminer shoots a bolt.
The bolt hits you!
* * * LOW HITPOINT WARNING * * *
Items here: $ ) [ †.
The kobold blastminer blasts its cannon at you.
The iron shot hits you!
* * * LOW HITPOINT WARNING * * *
The kobold blastminer is knocked back by the blast.
The kobold blastminer blasts its cannon at you.
The iron shot misses you.
The kobold blastminer is knocked back by the blast.
Your skin crawls.
You feel strong-willed.
The kobold blastminer shoots a bolt.
The bolt hits you.
* * * LOW HITPOINT WARNING * * *
The kobold blastminer shoots a bolt.
The bolt barely misses you.
The kobold blastminer shoots a bolt.
The bolt hits you.
* * * LOW HITPOINT WARNING * * *
The kobold blastminer shoots a bolt.
The bolt barely misses you.
The kobold blastminer shoots a bolt.
The bolt closely misses you.
The kobold blastminer unwields a +0 arbalest.
The kobold blastminer barely misses you.
You can't wield that with only one hand.
You hit the kobold blastminer but do no damage.
You hit the kobold blastminer. You freeze the kobold blastminer.
The kobold blastminer unwields a +0 arbalest.
The kobold blastminer barely misses you.
You hit the kobold blastminer. You freeze the kobold blastminer.
You headbutt the kobold blastminer!
The kobold blastminer is moderately wounded.
You barely miss the kobold blastminer.
The kobold blastminer hits you but does no damage.
You hit the kobold blastminer but do no damage.
The kobold blastminer is moderately wounded.
You hit the kobold blastminer but do no damage.
The kobold blastminer blasts its cannon at you.
The iron shot hits you!!
You die...

##......... ..
##.........#
###$##...........
.#................
..#..........>....
..................
.........KK.#.....
.........@.......
.#....).##.....
##..$)..# ...
#....$..# .
##......#
#.......# .#...
##..##.## #....
##.#...# ...#.#
#...#.##


You could see 2 kobold blastminers.

Vanquished Creatures
  A manticore (D:11)
  An elephant (D:10)
  Joseph (D:8)
  3 trolls
  A shadow (D:9)
  A water elemental (D:11)
  4 wyverns
  22 yaks
  2 basilisks (D:10)
  2 steam dragons
  5 wargs
  An acid dragon (D:11)
  2 water moccasins (D:9)
  An ice beast (D:7)
  2 sky beasts (D:7)
  A black bear (D:7)
  11 orc warriors
  2 ogres
  3 centaurs
  2 phantoms (D:7)
  2 kobold brigands (D:7)
  2 bullfrogs (D:7)
  A scorpion (D:4)
  A wight (D:7)
  9 killer bees
  A vampire bat (Orc:1)
  An electric eel (D:11)
  6 howler monkeys
  9 orc priests
  4 jellies
  3 bombardier beetles
  4 gnoll boudas
  A hound (D:7)
  Jessica (D:2)
  19 orc wizards
  2 iguanas
  9 gnolls
  3 adders (D:4)
  4 shadow imps
  2 white imps (D:7)
  6 dart slugs
  2 ribbon worms (D:2)
  50 orcs
  7 ball pythons
  10 bats
  3 endoplasms (D:1)
  4 giant cockroaches
  6 goblins
  8 hobgoblins
  2 jackals (D:3)
  7 quokkas
  2 frilled lizards
  6 kobolds
  6 rats
271 creatures vanquished.

Notes
Turn   | Place    | Note
-------+----------+-------------------------------------------
     0 | D:1      | TheScarfBastard the Minotaur Berserker began the quest for
                  | the Orb.
     0 | D:1      | Reached XP level 1. HP: 19/19 MP: 0/0
    73 | D:1      | Reached skill level 4 in Axes
    73 | D:1      | Reached XP level 2. HP: 4/27 MP: 1/1
   593 | D:1      | Reached XP level 3. HP: 29/33 MP: 2/2
   830 | D:2      | Noticed Jessica
   837 | D:2      | Killed Jessica
   911 | D:2      | Reached ** piety under Trog
   995 | D:2      | Reached XP level 4. HP: 31/41 MP: 3/3
  1583 | D:3      | Found a radiant altar of Vehumet.
  1954 | D:3      | Noticed a centaur
  1960 | D:3      | Killed a centaur
  1961 | D:3      | Reached skill level 5 in Axes
  1961 | D:3      | Reached XP level 5. HP: 47/47 MP: 4/4
  2332 | D:4      | Reached skill level 5 in Fighting
  2395 | D:4      | Reached skill level 6 in Axes
  2534 | D:4      | Reached XP level 6. HP: 56/56 MP: 5/5
  2543 | D:4      | Reached *** piety under Trog
  2699 | D:4      | Found a hide-covered altar of Uskayaw.
  2908 | D:5      | Entered Level 5 of the Dungeon
  3066 | D:5      | Found a staircase to the Ecumenical Temple.
  3119 | D:5      | Found a broken altar of Ashenzari.
  3440 | D:5      | Reached skill level 7 in Axes
  3710 | D:5      | Reached XP level 7. HP: 28/61 MP: 6/6
  4598 | D:7      | Reached skill level 8 in Axes
  4598 | D:7      | Reached skill level 5 in Armour
  4664 | D:7      | Reached XP level 8. HP: 43/70 MP: 7/7
  4884 | D:7      | Found a stormy altar of Qazlal.
  4928 | D:7      | Reached skill level 9 in Axes
  5044 | D:7      | Identified the ring "Nodd" {rElec rF+ Will+ Int+6}
  5086 | D:7      | Reached **** piety under Trog
  5396 | D:7      | Reached skill level 10 in Axes
  5473 | D:7      | Reached XP level 9. HP: 39/78 MP: 8/8
  5728 | D:8      | Identified a scroll of acquirement
  5728 | D:8      | Acquired 599 gold pieces
  5812 | D:8      | Reached skill level 11 in Axes
  5948 | D:8      | Noticed Joseph
  5966 | D:8      | Killed Joseph
  5967 | D:8      | Reached skill level 12 in Axes
  5967 | D:8      | Reached XP level 10. HP: 80/90 MP: 9/9
  6073 | D:8      | Found a sacrificial altar of Ru.
  6097 | D:8      | Reached skill level 10 in Armour
  6107 | D:8      | Reached ***** piety under Trog
  6651 | D:9      | Reached skill level 1 in Stealth
  6996 | D:9      | Found a glowing silver altar of Zin.
  7242 | D:10     | Entered Level 10 of the Dungeon
  7268 | D:10     | Reached skill level 13 in Axes
  7334 | D:10     | Found a snail-covered altar of Cheibriados.
  7380 | D:10     | Reached skill level 10 in Fighting
  7559 | D:10     | Noticed an elephant
  7572 | D:10     | Killed an elephant
  7573 | D:10     | Reached XP level 11. HP: 102/102 MP: 10/10
  7650 | D:10     | Identified the +3 leather armour "Yfoola" {^Drain rN+
                  | Regen+}
  7768 | D:10     | Found a staircase to the Lair.
  8012 | D:11     | Reached skill level 14 in Axes
  8221 | D:11     | Found Rooggiaq's Armour Emporium.
  8221 | D:11     | Found a staircase to the Orcish Mines.
  8228 | D:11     | Found Uqacria's Weapon Emporium.
  8235 | D:11     | Received a gift from Trog
  8514 | Orc:1    | Entered Level 1 of the Orcish Mines
  8769 | Orc:1    | Killed from afar by a kobold blastminer

Illustrated notes

Levels and vault maps discovered:
D:1:      dpeg_arrival_tiny_f, layout_loops_ring, chequers_serial_rivers_large_b
D:2:      layout_basic, uniq_jessica
D:3:      layout_basic, vehumet_altar_wand_db
D:4:      layout_loops_ring, lemuel_doored_altar
D:5:      layout_basic, nicolae_ashenzari_panopticon, minmay_temple_entry_ruins
D:6:      layout_basic, serial_library_hellmonk_small_alcove,
          hangedman_decor_peaks_small, grunt_decor_arrowhead
D:7:      minmay_thinvault, layout_layer_cave, lemuel_tele_altar
D:8:      layout_loops_cross, nicolae_ru_great_annihilating_truth,
          minmay_misc_feat_room, kennysheep_pointless_box, uniq_joseph
D:9:      layout_long_grid, zin_treasury
D:10:     layout_rooms, chei_slow_surprise, david_lair_generic,
          grunt_ministairs_3
D:11:     layout_basic, orc_david_3, nooodl_orcs_dogs
Orc:1:    layout_caves, roderic_batcave

Skill      XL: |  1  2  3  4  5  6  7  8  9 10 11 |
---------------+----------------------------------+-----
Axes           | 4 5 6 7 8 10 12 13 14 | 14.3
Fighting       | 4 5 6 8 11 | 11.9
Armour         | 3 4 5 8 9 10 12 | 12.1
Dodging        | 3 4 |  4.1
Stealth        | 1 |  1.6

Action                     |  1- 3 |  4- 6 |  7- 9 | 10-12 || total
---------------------------+-------+-------+-------+-------++-------
  Melee: Hand axe          |    63 |   116 |   235 |   332 ||   746
         Headbutt          |     9 |    18 |    67 |   107 ||   201
         Punch             |     1 |     3 |       |       ||     4
 Invoke: Berserk           |     1 |     1 |     3 |     5 ||    10
         Trog's Hand       |       |       |       |     4 ||     4
    Use: Scroll            |     2 |     5 |     5 |    11 ||    23
         Potion            |       |       |     1 |     2 ||     3
   Stab: Paralysed         |       |       |       |     2 ||     2
         Invisible         |       |       |       |     1 ||     1
 Armour: Animal skin       |    13 |       |       |       ||    13
         Leather armour    |    25 |     5 |       |       ||    30
         Chain mail        |       |    66 |       |       ||    66
         Plate armour      |       |    29 |   214 |   338 ||   581
  Dodge: Dodged            |    42 |    79 |    83 |   151 ||   355

Table legend: (Time is in decaauts)
 A = Elapsed time spent in this place.
 B = Non-inter-level travel time spent in this place.
 C = Inter-level travel time spent in this place.
 D = Time resting spent in this place.
 E = Time spent auto-exploring this place.
 F = Levels seen in this place.
 G = Mean time per level.
                   A        B        C        D        E       F      G
               +--------+--------+--------+--------+--------+-----+--------+
         Total |   8734 |   8561 |    173 |      0 |   6191 |  12 |  727.8 |
       Dungeon |   8486 |   8313 |    173 |      0 |   6099 |  11 |  771.5 |
  Orcish Mines |    247 |    247 |      0 |      0 |     92 |   1 |  247.0 |
               +--------+--------+--------+--------+--------+-----+--------+

Top non-repeatable levels by time:
     D:7: 1109 daAuts
     D:5: 978 daAuts
     D:1: 871 daAuts
     D:9: 836 daAuts
     D:3: 757 daAuts
     D:6: 690 daAuts
     D:8: 687 daAuts
     D:4: 665 daAuts
     D:2: 662 daAuts
    D:10: 619 daAuts
    D:11: 609 daAuts
   Orc:1: 247 daAuts
